Map: 中心协议

Players

Quail - Winner!

  • Race: Zerg Zerg
  • League: Diamond

电脑难度(困难)

  • Race: Terran Terran

VOD

Have the link to the VOD?

Description

Time

  • Played on: Dec. 4, 2015, 7:31 a.m.
  • Length: 4:21
Show
View Real Time Build Order
Export as new Build Order

Quail Zerg - Winner!

Build Orders: Pool First 

Get SALT Encoding   

  12  0:01  Drone  
  13  0:09  Drone  
  14  0:16  Overlord  
  14  0:24  Extractor  
  14  0:25  Drone  
  14  0:36  Drone  
  15  0:45  Drone  
  15  0:49  Spawning Pool  
  15  0:54  Drone  
  16  1:07  Drone  
  17  1:28  Overlord  
  17  1:40  Queen  
  17  1:42  Hatchery  
  17  1:47  Metabolic Boost  
  18  1:52  Zergling x2  
  18  1:54  Zergling x2  
  20  1:59  Zergling x2  
  21  2:05  Zergling x2  
  22  2:16  Queen, Zergling x2  
  25  2:29  Drone  
  25  2:40  Zergling x2  
  26  2:50  Zergling x6  
  26  2:51  Zergling x2  
  30  2:56  Zergling x2  
  30  3:05  Roach Warren, Zergling x2  
  29  3:06  Zergling x2  
  31  3:13  Zergling x2  
  31  3:18  Overlord  
  29  3:37  Zergling x2  
  29  3:38  Zergling x8  
  29  3:40  Zergling x4  
  36  3:44  Drone  
  37  3:50  Drone  
  37  4:00  Zergling x2  
  37  4:01  Zergling x6  
Show
View Real Time Build Order
Export as new Build Order

电脑难度(困难) Terran 

Build Orders:  

Get SALT Encoding   

  12  0:00  SCV  
  13  0:13  SCV  
  14  0:18  Supply Depot  
  14  0:25  SCV  
  15  0:40  SCV  
  16  0:43  Barracks  
  16  0:49  Refinery  
  16  0:52  SCV  
  17  1:04  SCV  
  18  1:16  SCV  
  19  1:21  Supply Depot  
  19  1:29  SCV  
  19  1:30  Marine  
  21  1:41  Barracks, Orbital Command  
  21  1:48  Barracks Tech Lab  
  21  1:51  Refinery  
  21  2:06  Marine  
  21  2:08  Supply Depot  
  22  2:24  Marine  
  22  2:28  Marine  
  23  2:42  Marine  
  23  2:46  Marine  
  23  2:56  Supply Depot  
  23  3:00  Marine  
  23  3:04  Marine  
  25  3:08  SCV  
  26  3:18  Marauder  
  26  3:20  SCV  
  26  3:21  Marine  
  25  3:32  SCV  
  25  3:39  Marine  
  25  3:40  Marauder  
  28  3:44  SCV  
  25  3:57  SCV, Marine  
  25  4:00  Marine  
  24  4:09  SCV  
Tags
 
League
Diamond
Matchup
TvZ
Opening
Pool First
Replay Pack
2015.12.1-12.6
Add a new tag
Caveats
  • Supply blocks, unpowered buildings, or Contaminate may cause inaccurate times.
  • Supply counts are checked every 10 seconds.